 Dungeon Crawl Stone Soup version 0.26-a0-631-ged93497179 (webtiles) character file.

Game seed: 5640138631267176886

3007 Drevant2 the Destroyer (level 10, -10/63 HPs)
             Began as a Human Conjurer on Sept 12, 2020.
             Was a Believer of Vehumet.
             Hit by a large rock thrown by a cyclops (31 damage)
             ... on level 8 of the Dungeon.
             The game lasted 00:34:17 (11867 turns).

Drevant2 the Destroyer (Human Conjurer)            Turns: 11867, Time: 00:34:17

Health: -10/63     AC:  4    Str: 12      XL:     10   Next: 10%
Magic:  16/16      EV: 12    Int: 21      God:    Vehumet [**....]
Gold:   484        SH:  5    Dex:  7 (12) Spells: 7/18 levels left

rFire    . . .     SeeInvis .   w - +1 dagger "Wiji" {freeze, Str+4} (curse)
rCold    . . .     Faith    .   (no shield)
rNeg     . . .     Spirit   .   a - +0 robe
rPois    .         Reflect  +   (no helmet)
rElec    .         Harm     .   g - +0 cloak
rCorr    +         Rampage  .   (no gloves)
MR       .....                  e - +0 pair of boots
Stlth    ++........             v - amulet of reflection
HPRegen  0.20/turn              s - ring of resist corrosion
MPRegen  0.15/turn              (no ring)

@: no status effects
A: no striking features
a: Renounce Religion


You were on level 8 of the Dungeon.
You worshipped Vehumet.
Vehumet was pleased with you.
You visited 2 branches of the dungeon, and saw 9 of its levels.

You collected 484 gold pieces.

Inventory:

Hand Weapons
 f - a cursed -1 whip
 i - a -1 hand axe
 j - a +0 long sword of electrocution
 w - the cursed +1 dagger "Wiji" (weapon) {freeze, Str+4}
   (You found it on level 4 of the Dungeon)

   It has been specially enchanted to freeze those struck by it, causing extra
   injury to most foes and up to half again as much damage against particularly
   susceptible opponents.
   It can also slow down cold-blooded creatures.
   It affects your strength (+4).
   It has a curse placed upon it.
 y - a +2 vorpal spear
Missiles
 m - 6 silver boomerangs (quivered)
Armour
 a - a +0 robe (worn)
 e - a +0 pair of boots (worn)
 g - a +0 cloak (worn)
Jewellery
 s - a ring of resist corrosion (left hand)
 v - an amulet of reflection (around neck)
 D - an uncursed ring of resist corrosion
Wands
 k - a wand of enslavement (7)
 z - a wand of paralysis (7)
 E - a wand of iceblast (12)
Scrolls
 b - a scroll of remove curse
 h - a scroll of enchant armour {unknown}
 l - a scroll of amnesia {unknown}
 r - a scroll of magic mapping {unknown}
 u - 2 scrolls of immolation {unknown}
 x - a scroll of enchant weapon {unknown}
 A - 4 scrolls of teleportation
 B - 2 scrolls of blinking {unknown}
Potions
 c - a potion of cancellation
 d - a potion of degeneration
 n - a potion of lignification
 o - 2 potions of curing
 p - a potion of brilliance
 q - a potion of invisibility
 t - a potion of resistance
 F - a potion of ambrosia {unknown}


   Skills:
 - Level 2.0 Dodging
 - Level 2.0 Stealth
 - Level 4.5 Spellcasting
 - Level 10.0 Conjurations
 - Level 7.0 Hexes
 * Level 4.5 Translocations


You had 7 spell levels left.
You knew the following spells:

 Your Spells              Type           Power        Failure   Level
a - Magic Dart            Conj           ####         1%          1
b - Searing Ray           Conj           #####.       1%          2
c - Fulminant Prism       Conj/Hex       #####.....   3%          4
d - Iskenderun's Mystic   Conj/Tloc      #####...     5%          4

Your spell library contained the following spells:

 Spells                   Type           Power        Failure   Level
 Foxfire                  Conj/Fire      ####         1%          1
 Corona                   Hex            ####...      1%          1
 Confusing Touch          Hex            ####....     1%          3
 Dazzling Flash           Conj/Hex       #####.       1%          3
 Tukima's Dance           Hex            ####....     1%          3
 Ensorcelled Hibernation  Hex/Ice        ###...       4%          2
 Stone Arrow              Conj/Erth      ####..       4%          3
 Sandblast                Erth           #.....       12%         1
 Passwall                 Tmut/Erth      #.......     17%         2
 Petrify                  Tmut/Erth      #.......     75%         4
 Lee's Rapid Deconstruct  Erth           #.........   97%         5


Dungeon Overview and Level Annotations

Branches:
Dungeon (8/15)             Temple (1/1) D:5
   Lair: D:8-11

Altars:
Dithmenos
Fedhas
Gozag
Hepliaklqana
Nemelex Xobeh
Sif Muna
Trog
Vehumet
Wu Jian
Xom
Yredelemnul
Zin
The Shining One


Message History

Aiming: Magic Dart (safe; 1% risk of failure)
Press: ? - help, Shift-Dir - straight line, f/p - shadow imp
Aim: a shadow imp (almost dead)
The magic dart hits the shadow imp but does no damage.
The shadow imp is almost dead.
The shadow imp shouts, "Slither away, thou loggerheaded rude-growing wormtrail!"
You hit the shadow imp.
You kill the shadow imp!
Vehumet accepts your kill.
You feel your power returning.
A cyclops is nearby!
The cyclops throws a large rock.
The large rock hits you!!
You see here a large rock.
The cyclops throws a large rock.
The large rock hits you!!
* * * LOW HITPOINT WARNING * * *
You see here a large rock.
You feel much better.
The cyclops throws a large rock.
The large rock hits you!
There is a stone staircase leading up here.
The cyclops throws a large rock.
The large rock hits you!!
You die...

#.........#.#.......
######.##.#.#....###
..........#.#....#
.......##>#.#....#
............#....#
.......##.....(..#
..##...##.#.#....##########
.............C...((.......#
........†.......@##########
..###.##..##..#..#
.......()........#
.................#
..##..##..##..#..# . #..
#..##..#..# #.. #..##..#..#
# #..##..#..# ....


You could see a cyclops.

Vanquished Creatures
  Prince Ribbit (D:7)
  Menkaure (D:7)
  2 ice beasts
  A black bear (D:7)
  A sky beast (D:5)
  An orc warrior (D:7)
  2 phantoms
  A necrophage (D:6)
  An ogre (D:6)
  4 centaurs
  A big kobold (D:7)
  5 bullfrogs
  3 killer bees (D:7)
  3 howler monkeys
  A quasit (D:7)
  3 hounds
  3 jellies
  3 orc priests
  3 iguanas
  An orc wizard (D:7)
  Terence (D:2)
  3 worker ants
  2 hound skeletons
  A worker ant zombie (D:7)
  7 gnolls
  A howler monkey skeleton (D:5)
  6 adders
  6 river rats (D:5)
  5 shadow imps
  A white imp (D:6)
  2 ufetubi (D:7)
  4 worms
  2 dart slugs
  5 leopard geckos
  16 orcs
  11 giant cockroaches
  2 goblins
  3 hobgoblins (D:1)
  8 jackals
  13 quokkas
  A ball python (D:1)
  A ball python zombie (D:5)
  12 bats
  6 frilled lizards
  A jackal skeleton (D:6)
  8 kobolds
  A leopard gecko zombie (D:6)
  A quokka skeleton (D:4)
  29 rats
200 creatures vanquished.

Vanquished Creatures (others)
  4 fulminant prisms (D:7)
  9 withered plants (D:6)
13 creatures vanquished.

Grand Total: 213 creatures vanquished

Notes
Turn   | Place    | Note
-------+----------+-------------------------------------------
     0 | D:1      | Drevant2 the Human Conjurer began the quest for the Orb.
     0 | D:1      | Reached XP level 1. HP: 13/13 MP: 3/3
   596 | D:1      | Reached XP level 2. HP: 17/19 MP: 0/5
  1439 | D:1      | Reached XP level 3. HP: 24/24 MP: 1/6
  1805 | D:2      | Learned a level 2 spell: Searing Ray
  1838 | D:2      | Reached skill level 5 in Conjurations
  1916 | D:2      | Found a shadowy altar of Dithmenos.
  1926 | D:2      | Reached XP level 4. HP: 10/30 MP: 1/7
  2264 | D:2      | Noticed Terence
  2547 | D:2      | Reached skill level 6 in Conjurations
  2547 | D:2      | Reached XP level 5. HP: 35/35 MP: 1/8
  2558 | D:2      | Learned a level 4 spell: Fulminant Prism
  3173 | D:2      | Reached skill level 1 in Hexes
  3196 | D:2      | Killed Terence
  3973 | D:3      | Reached XP level 6. HP: 41/41 MP: 7/9
  4371 | D:3      | Found a sparkling altar of Nemelex Xobeh.
  5696 | D:4      | Got a scorched dagger
  5697 | D:4      | Identified the cursed +1 dagger "Wiji" {freeze, Str+4} (You
                  | found it on level 4 of the Dungeon)
  6425 | D:5      | Entered Level 5 of the Dungeon
  6425 | D:5      | Noticed an ice beast
  6553 | D:5      | Found a hazy altar of Hepliaklqana.
  6582 | D:5      | Reached XP level 7. HP: 30/46 MP: 6/10
  6847 | D:5      | Found a staircase to the Ecumenical Temple.
  6861 | Temple   | Entered the Ecumenical Temple
  6988 | Temple   | Became a worshipper of Vehumet
  7451 | D:5      | Reached skill level 7 in Conjurations
  7712 | D:5      | Reached skill level 5 in Hexes
  7906 | D:5      | Reached XP level 8. HP: 33/52 MP: 4/11
  8309 | D:5      | Reached * piety under Vehumet
  8309 | D:5      | Offered knowledge of Freeze by Vehumet.
  9151 | D:6      | Found a bloodstained altar of Trog.
  9367 | D:6      | Reached skill level 8 in Conjurations
  9697 | D:6      | Reached XP level 9. HP: 57/57 MP: 8/13
 10044 | D:7      | Noticed Prince Ribbit
 10066 | D:7      | Killed Prince Ribbit
 10066 | D:7      | Reached ** piety under Vehumet
 10066 | D:7      | Reached skill level 9 in Conjurations
 10246 | D:7      | Offered knowledge of Foxfire by Vehumet.
 10618 | D:7      | Reached skill level 10 in Conjurations
 10702 | D:7      | Learned a level 4 spell: Iskenderun's Mystic Blast
 10897 | D:7      | Reached skill level 1 in Translocations
 10923 | D:7      | Noticed Menkaure
 10929 | D:7      | Killed Menkaure
 11303 | D:7      | Reached XP level 10. HP: 63/63 MP: 13/16
 11430 | D:7      | Found a glowing golden altar of the Shining One.
 11815 | D:8      | Noticed a cyclops
 11867 | D:8      | Hit by a large rock thrown by a cyclops

Illustrated notes

Levels and vault maps discovered:
D:1:      co_arrival_square_in_a_square_in_a_square, layout_basic,
          supply_closet_lemuel, minmay_misc_feat_ornament
D:2:      layout_loops_ring, nicolae_dithmenos_shadow_blocks, uniq_terence
D:3:      layout_basic, marbit_many_paths
D:4:      layout_loops_corners
D:5:      lemuel_ratsnest, layout_cave_pools, lemuel_crystal_altar,
          minmay_temple_entry_proselytizer, hex_large
D:6:      layout_cave_pools, kiku_gazebo_garden_becter, kennysheep_mini,
          basic_altar, tgw_xom, uniq_crazy_yiuf_cottage
D:7:      layout_basic, nicolae_tso_swordbearing_angel, uniq_menkaure,
          uniq_prince_ribbit1
D:8:      layout_basic, lemuel_round_altar, serial_rivers,
          chequers_serial_rivers_room_b, chequers_serial_rivers_micro_e,
          chequers_serial_rivers_micro_b, chequers_serial_rivers_micro_a
Temple:   dpeg_chambers_temple

Skill      XL: |  1  2  3  4  5  6  7  8  9 10 |
---------------+-------------------------------+-----
Conjurations   | 5 6 7 8 10 | 10.0
Hexes          | 2 3 5 7 |  7.0
Spellcasting   | 4 |  4.5
Translocations | 3 4 |  4.5
Dodging        | |  2.0
Stealth        | |  2.0

Action                   |  1- 3 |  4- 6 |  7- 9 | 10-12 || total
-------------------------+-------+-------+-------+-------++-------
Melee: Unarmed           |     6 |       |       |       ||     6
       Hand axe          |     5 |   207 |       |       ||   212
       Dagger            |       |    23 |   104 |     8 ||   135
 Cast: Magic Dart        |    54 |    58 |   174 |    17 ||   303
       Searing Ray       |     1 |     9 |    30 |     3 ||    43
       Fulminant Prism   |       |       |     4 |       ||     4
  Use: Potion            |       |     2 |       |     1 ||     3
       Scroll            |       |     2 |     9 |       ||    11
 Stab: Sleeping          |     1 |     4 |       |       ||     5
       Distracted        |       |       |     1 |       ||     1
Armor: Robe              |     5 |   111 |    64 |     2 ||   182
Dodge: Dodged            |    19 |   222 |   143 |     7 ||   391
Block: Other             |       |    15 |    50 |     3 ||    68
       Reflection        |       |       |     3 |     2 ||     5

Table legend: (Time is in decaauts)
 A = Elapsed time spent in this place.
 B = Non-inter-level travel time spent in this place.
 C = Inter-level travel time spent in this place.
 D = Time resting spent in this place.
 E = Time spent auto-exploring this place.
 F = Levels seen in this place.
 G = Mean time per level.
                   A        B        C        D        E       F      G
               +--------+--------+--------+--------+--------+-----+--------+
         Total |  11912 |  11353 |    559 |   4706 |   5001 |   9 | 1323.6 |
       Dungeon |  11769 |  11230 |    539 |   4706 |   4883 |   8 | 1471.1 |
        Temple |    142 |    122 |     20 |      0 |    118 |   1 |  142.0 |
               +--------+--------+--------+--------+--------+-----+--------+

Top non-repeatable levels by time:
     D:5: 2328 daAuts
     D:2: 1931 daAuts
     D:4: 1918 daAuts
     D:1: 1727 daAuts
     D:7: 1676 daAuts
     D:3: 958 daAuts
     D:6: 954 daAuts
     D:8: 274 daAuts
  Temple: 142 daAuts
